 Dungeon Crawl Stone Soup version 0.28.0-43-g3370ac3207 (webtiles) character file.

Game seed: 10452905148271233759

6098 mcbry74 the Grappler (level 10, -13/91 HPs)
             Began as a Troll Gladiator on Mar 11, 2022.
             Was an Elder of Okawaru.
             Mangled by a very large slime creature (56 damage)
             ... on level 9 of the Dungeon.
             The game lasted 00:30:47 (7190 turns).

mcbry74 the Grappler (Troll Gladiator)              Turns: 7190, Time: 00:30:47

Health: -13/91     AC: 13    Str: 26    XL:     10   Next: 58%
Magic:  11/11      EV: 15    Int:  6    God:    Okawaru [****..]
Gold:   468        SH:  0    Dex: 11    Spells: 7/9 levels left

rFire   . . .      SeeInvis .   N - +10 mace of Peeceobo {protect, Fragile rPois rN+++ Will++}
rCold   . . .      Faith    .   (no shield)
rNeg    + + +      Spirit   .   a - +0 robe
rPois   +          Reflect  .   b - +0 hat
rElec   .          Harm     .   V - +1 cloak
rCorr   .          Rampage  .   (gloves unavailable)
Will    +++..                   (boots unavailable)
Stlth   +.........              (no amulet)
HPRegen 1.05/turn               k - ring of willpower
MPRegen 0.12/turn               q - +4 ring of evasion

@: under a protective aura
A: large, unfitting armour, claws 3, regeneration 1, shaggy fur 1, tough skin 1
a: Renounce Religion, Heroism, Finesse


You were on level 9 of the Dungeon.
You worshipped Okawaru.
Okawaru was greatly pleased with you.
You visited 2 branches of the dungeon, and saw 10 of its levels.

You collected 468 gold pieces.

Inventory:

Hand Weapons
 j - a +3 dagger
 t - a +0 giant spiked club
 D - a +4 flail
 H - a +0 giant spiked club
 N - the +10 mace of Peeceobo (weapon) {protect, Fragile rPois rN+++ Will++}
   (You found it on level 8 of the Dungeon)

   It grants its wielder temporary protection when it strikes (+7 to AC).
   rPois:     It protects you from poison.
   rN:        It renders you almost immune to negative energy.
   Fragile:   It will be destroyed if unequipped.
   Will:      It greatly increases your willpower.
 P - a +0 dire flail
 Q - a +0 giant spiked club
 U - a +1 whip of venom
 Y - a +2 whip of venom
Missiles
 c - 5 throwing nets
 h - 17 poisoned darts
 l - 225 stones
 r - 7 boomerangs (quivered)
 u - 8 large rocks
 z - 7 curare-tipped darts
 J - 3 boomerangs of dispersal
 K - 42 sling bullets
 M - 2 javelins
Armour
 a - a +0 robe (worn)
 b - a +0 hat (worn)
 v - a scarf of shadows
 V - a +1 cloak (worn)
Jewellery
 k - a ring of willpower (left claw)
 q - a +4 ring of evasion (right claw)
 s - a ring of magical power
 C - a ring of see invisible
 O - a +4 ring of protection
 T - a ring of resist corrosion
Wands
 m - a wand of flame (39)
 y - a wand of charming (9)
 G - a wand of iceblast (6)
 L - a wand of digging (5)
 S - a wand of polymorph (3)
Scrolls
 g - a scroll of fog
 n - a scroll of blinking {unknown}
 o - 3 scrolls of enchant weapon
 w - 4 scrolls of teleportation
 x - a scroll of acquirement {unknown}
 A - a scroll of immolation {unknown}
 B - 2 scrolls of summoning
 F - a scroll of fear
 X - a scroll of magic mapping {unknown}
Potions
 d - 2 potions of might {unknown}
 e - 2 potions of brilliance {unknown}
 f - 2 potions of heal wounds {unknown}
 i - 3 potions of attraction {unknown}
 p - 3 potions of lignification
 I - a potion of curing {unknown}
 R - a potion of haste {unknown}
 W - a potion of mutation {unknown}
 Z - a potion of ambrosia {unknown}


   Skills:
 - Level 3.1 Fighting
 + Level 5.0 Maces & Flails
 + Level 6.5 Throwing
 + Level 5.3 Dodging
 + Level 9.8 Unarmed Combat
 + Level 4.3 Transmutations
 + Level 3.0 Invocations


You had 7 spell levels left.
You knew the following spells:

 Your Spells              Type           Power      Damage    Failure   Level
a - Wereblood             Tmut           5%         N/A       13%         2

Your spell library contained the following spells:

 Spells                   Type           Power      Damage    Failure   Level
 Passwall                 Tmut/Erth      1%         N/A       30%         2
 Apportation              Tloc           0%         N/A       45%         1
 Foxfire                  Conj/Fire      0%         2x1d4     45%         1
 Magic Dart               Conj           0%         1d3       45%         1
 Pain                     Necr           0%         1d4       45%         1
 Static Discharge         Conj/Air       0%         N/A       58%         2
 Sublimation of Blood     Necr           0%         N/A       58%         2
 Ignite Poison            Fire/Tmut/Pois 1%         N/A       63%         3
 Conjure Flame            Conj/Fire      0%         6-21      83%         3
 Inner Flame              Hex/Fire       0%         N/A       83%         3
 Mephitic Cloud           Conj/Pois/Air  0%         N/A       83%         3
 Portal Projectile        Hex/Tloc       0%         N/A       83%         3
 Cause Fear               Hex            0%         N/A       99%         4
 Dispel Undead            Necr           0%         3d6       99%         4
 Flame Wave               Conj/Fire      0%         2d4       99%         4
 Leda's Liquefaction      Hex/Erth       0%         N/A       99%         4
 Sticky Flame             Conj/Fire      0%         2d3       99%         4
 Agony                    Necr           0%         N/A       100%        5
 Excruciating Wounds      Necr           0%         N/A       100%        5
 Discord                  Hex            0%         N/A       100%        8
 Animate Skeleton         Necr           Unusable   N/A       N/A         1
 Summon Small Mammal      Summ           Unusable   N/A       N/A         1
 Call Imp                 Summ           Unusable   N/A       N/A         2
 Summon Hydra             Summ           Unusable   N/A       N/A         7

Dungeon Overview and Level Annotations

Branches:
Dungeon (9/15)             Temple (1/1) D:4            Lair (0/6) D:8
    Orc: D:9-12

Altars:
Ashenzari
Gozag
Hepliaklqana
Kikubaaqudgha
Okawaru
Qazlal
Ru
Sif Muna
Uskayaw
Vehumet
Wu Jian
Zin
The Shining One

Shops:
D:4 (


Innate Abilities, Weirdness & Mutations

You are too large for most types of armour.
You have claws for hands.
Your natural rate of healing is unusually fast.
You are covered in fur. (AC +1)
You have tough skin. (AC +1)


Message History

Two slime creatures merge to form a large slime creature.
You sock the slime creature!
Your weapon exudes an aura of protection.
The slime creature is lightly wounded.
The slime creature hits you but does no damage.
The slime creature barely misses you.
You barely miss the slime creature.
The slime creature is lightly wounded.
The slime creature hits you.
You bludgeon the slime creature!!
The slime creature is heavily wounded.
The slime creature hits you!
You hit the slime creature. You claw the slime creature!
The slime creature is severely wounded.
The slime creature hits you.
You hit the slime creature.
The slime creature is severely wounded.
The slime creature hits you!
The slime creature quivers.
You sock the slime creature!
The slime creature is almost dead.
Two slime creatures merge to form a large slime creature.
You bludgeon the large slime creature!!
The large slime creature is severely wounded.
The large slime creature hits you!!
You sock the large slime creature! You claw the large slime creature!
The large slime creature is almost dead.
The large slime creature hits you but does no damage.
Two slime creatures merge to form a very large slime creature.
You sock the very large slime creature!
The very large slime creature is severely wounded.
The very large slime creature closely misses you.
You sock the very large slime creature!
The very large slime creature is severely wounded.
The very large slime creature closely misses you.
You hit the very large slime creature.
The very large slime creature is severely wounded.
The very large slime creature hits you!!!
Ouch! That really hurt!
You die...

# ### ####
###.######..#
............#
##########..#
............#
######..##..#
#..##..#
#..##..###########
#....<.....@J....#
#.###..########.##
#.........# #.#
###########..#.#
#.#
#......####..#.#
#J#
#.####..(....#.#
#.#
#...........##.#
#.#
#..###########.#
#.#
#..#...........#
#.#


You could see a very large slime creature.

Vanquished Creatures
  A boulder beetle (D:9)
  A two-headed ogre (D:8)
  Prince Ribbit (D:8)
  A wraith (D:9)
  A wyvern (D:8)
  A steam dragon (D:8)
  3 humans (D:6)
  A water moccasin (D:6)
  An ice beast (D:6)
  3 orc warriors (D:9)
  4 sky beasts
  5 ogres
  A black bear (D:6)
  4 centaurs (D:8)
  3 kobold brigands
  6 bullfrogs
  A scorpion (D:5)
  2 water moccasin zombies
  3 killer bees (D:9)
  3 howler monkeys (D:7)
  4 centaur zombies
  2 jellies
  3 hounds
  3 orc priests
  3 bullfrog skeletons
  2 gnoll shamans (D:6)
  A centaur skeleton (D:5)
  An iguana (D:5)
  8 orc wizards
  13 gnolls
  14 adders
  A shadow imp (D:8)
  A white imp (D:5)
  2 ufetubi
  4 worms
  3 dart slugs
  25 orcs
  8 ball pythons
  5 endoplasms
  5 giant cockroaches
  11 hobgoblins
  4 jackals
  22 kobolds
  3 quokkas
  16 bats
  3 frilled lizards
  17 goblins
  7 rats
237 creatures vanquished.

Vanquished Creatures (others)
  A fungus (D:2)
  4 plants (D:2)
5 creatures vanquished.

Grand Total: 242 creatures vanquished

Notes
Turn   | Place    | Note
-------+----------+-------------------------------------------
     0 | D:1      | mcbry74 the Troll Gladiator began the quest for the Orb.
     0 | D:1      | Reached XP level 1. HP: 19/19 MP: 0/0
   146 | D:1      | Reached XP level 2. HP: 27/27 MP: 1/1
   353 | D:1      | Reached XP level 3. HP: 33/33 MP: 2/2
   443 | D:1      | Reached skill level 4 in Unarmed Combat
   828 | D:2      | Found a faded altar of an unknown god.
   858 | D:2      | Reached XP level 4. HP: 28/41 MP: 3/3
  1255 | D:3      | Reached skill level 5 in Unarmed Combat
  1255 | D:3      | Reached XP level 5. HP: 47/48 MP: 4/4
  1381 | D:3      | Noticed an ogre
  1409 | D:3      | Killed an ogre
  1410 | D:3      | Reached XP level 6. HP: 55/55 MP: 5/5
  1458 | D:3      | You fall into a shaft and drop 2 floors!
  1458 | D:5      | Entered Level 5 of the Dungeon
  1500 | D:3      | Reached skill level 6 in Unarmed Combat
  1508 | D:3      | Learned a level 2 spell: Wereblood
  1893 | D:3      | Found a glowing golden altar of the Shining One.
  2511 | D:4      | Found a staircase to the Ecumenical Temple.
  2522 | Temple   | Entered the Ecumenical Temple
  2687 | Temple   | Became a worshipper of Warmaster Okawaru
  2870 | D:4      | Found Xaeth's Weapon Shop.
  3104 | D:4      | Reached skill level 1 in Transmutations
  3356 | D:5      | Reached XP level 7. HP: 60/63 MP: 6/6
  3402 | D:5      | Reached skill level 1 in Maces & Flails
  3406 | D:5      | Reached * piety under Okawaru
  3477 | D:5      | Reached skill level 7 in Unarmed Combat
  3669 | D:5      | Reached XP level 8. HP: 70/74 MP: 7/7
  3983 | D:6      | Reached ** piety under Okawaru
  4303 | D:6      | Reached skill level 8 in Unarmed Combat
  4313 | D:6      | Identified the +7 dagger of the Median {vorpal, Dex+7}
  4329 | D:6      | Reached skill level 5 in Throwing
  4439 | D:6      | Reached XP level 9. HP: 63/81 MP: 8/8
  4554 | D:6      | Reached *** piety under Okawaru
  4711 | D:6      | Found an opulent altar of Gozag.
  5118 | D:7      | Identified the +3 leather armour "Biudaps" {Str+3 Stlth+}
  5259 | D:7      | Reached skill level 9 in Unarmed Combat
  5602 | D:8      | Identified the +10 mace of Peeceobo {protect, Fragile rPois
                  | rN+++ Will++}
  5617 | D:8      | Found a staircase to the Lair.
  5688 | D:8      | Reached skill level 1 in Invocations
  5695 | D:8      | Noticed a two-headed ogre
  5712 | D:8      | Killed a two-headed ogre
  5712 | D:8      | Reached **** piety under Okawaru
  5788 | D:8      | Reached XP level 10. HP: 81/91 MP: 10/10
  5916 | D:8      | Noticed Prince Ribbit
  5920 | D:8      | Killed Prince Ribbit
  6312 | D:9      | Got Esic Nirph's Grimoire of Curses and Shape Shifting
  6359 | D:9      | Reached skill level 5 in Dodging
  6685 | D:9      | Received a gift from Okawaru
  6937 | D:9      | Noticed a boulder beetle
  6981 | D:9      | Killed a boulder beetle
  7059 | D:9      | Reached skill level 5 in Maces & Flails
  7190 | D:9      | Mangled by a very large slime creature

Illustrated notes

Levels and vault maps discovered:
D:1:      lemuel_arrival_cross, layout_loops_ring, minmay_tromino_v4_b
D:2:      layout_rooms, shapermc_ecumenical_altar_mp_urbaneastern
D:3:      layout_basic, nicolae_tso_swordbearing_angel, roderic_batcave,
          minmay_ogre_servants
D:4:      layout_loops_ring, minmay_temple_entry_ruins, serial_shops, shop
D:5:      layout_rooms, kennysheep_donut
D:6:      layout_basic, grunt_gozag_breadcrumbs, minmay_ruffians
D:7:      layout_basic
D:8:      layout_rooms, lair_entry_dummy, kennysheep_big_empty_room,
          uniq_prince_ribbit1
D:9:      layout_basic
Temple:   mainiacjoe_temple_cubbyholes

Skill      XL: |  1  2  3  4  5  6  7  8  9 10 |
---------------+-------------------------------+-----
Throwing       | 2 3 4 5 6 |  6.5
Unarmed Combat | 4 5 6 7 8 9 |  9.8
Transmutations | 1 2 3 4 |  4.3
Maces & Flails | 1 2 4 5 |  5.0
Fighting       | 2 3 |  3.1
Dodging        | 3 4 5 |  5.3
Invocations    | 1 3 |  3.0

Action                   |  1- 3 |  4- 6 |  7- 9 | 10-12 || total
-------------------------+-------+-------+-------+-------++-------
Melee: Unarmed           |    92 |   187 |   221 |       ||   500
       Punch             |     2 |     8 |    16 |     7 ||    33
       Mace              |       |       |    32 |   176 ||   208
Throw: Dart              |     2 |       |       |       ||     2
       Stone             |       |     5 |       |       ||     5
       Large rock        |       |       |     2 |       ||     2
       Boomerang         |       |       |     1 |       ||     1
 Cast: Wereblood         |       |       |     1 |     2 ||     3
Invok: Finesse           |       |       |       |     1 ||     1
  Use: Scroll            |       |       |     3 |     4 ||     7
 Stab: Sleeping          |     1 |     1 |       |       ||     2
Armor: Robe              |    26 |    56 |    47 |    83 ||   212
Dodge: Dodged            |    44 |   121 |   160 |   162 ||   487
